 Dungeon Crawl Stone Soup version 0.20-a0-998-gc9099ab (webtiles) character file.

3603 Lookapuppie the Cleaver (level 9, -5/79 HPs)
             Began as a Minotaur Berserker on Apr 11, 2017.
             Was an Elder of Trog.
             Succumbed to a redback's poison
             ... on level 7 of the Dungeon.
             The game lasted 00:48:35 (4624 turns).

Lookapuppie the Cleaver (Minotaur Berserker)        Turns: 4624, Time: 00:48:36

Health: -5/79      AC: 15    Str: 22    XL:     9   Next: 86%
Magic:  8/8        EV:  7    Int:  4    God:    Trog [****..]
Gold:   99         SH: 13    Dex: 13    Spells: 8/8 levels left

rFire    . . .     SeeInvis .   x - +0 war axe
rCold    . . .     Gourm    .   f - +2 shield
rNeg     + . .     Faith    .   u - +0 plate armour
rPois    .         Spirit   .   (helmet restricted)
rElec    .         Reflect  .   (no cloak)
rCorr    .         Harm     +   (no gloves)
MR       .....                  a - +0 pair of boots
Stlth    ..........             h - amulet of harm
Regen    0.3/turn               s - ring of positive energy
MPRegen  0.2/turn               (no ring)

@: lethally poisoned (-5 -> -70)
A: retaliatory headbutt, horns 2
a: Berserk, Trog's Hand, Brothers in Arms, Burn Spellbooks, Renounce Religion


You were on level 7 of the Dungeon.
You worshipped Trog.
Trog was greatly pleased with you.
You were near starving.

You visited 1 branch of the dungeon, and saw 7 of its levels.

You collected 218 gold pieces.
You spent 119 gold pieces at shops.

Inventory:

Hand Weapons
 r - a +4 dire flail of protection
 x - a +0 war axe (weapon)
 D - a +2 battleaxe of freezing
Missiles
 q - 15 poisoned needles
Armour
 a - a +0 pair of boots (worn)
 f - a +2 shield (worn)
 u - a +0 plate armour (worn)
Jewellery
 h - an amulet of harm (around neck)
 s - a ring of positive energy (left hand)
Scrolls
 e - a scroll of enchant armour {unknown}
 g - a scroll of random uselessness {unknown}
 j - 3 scrolls of recharging {unknown}
 k - a scroll of noise {unknown}
 m - 5 scrolls of teleportation {unknown}
 n - a scroll of enchant weapon {unknown}
 o - 2 scrolls of remove curse {unknown}
 w - 6 scrolls of identify {unknown}
 z - a scroll of fear {unknown}
Potions
 b - a potion of resistance {unknown}
 d - 2 potions of curing {unknown}
 l - a potion of berserk rage {unknown}
 p - 2 potions of cancellation {unknown}
 v - a potion of might {unknown}
 A - a potion of agility {unknown}
 C - 2 potions of invisibility {unknown}
 E - a potion of haste {unknown}
Comestibles
 c - 4 bread rations
 t - 3 meat rations
 B - a royal jelly


   Skills:
 + Level 7.5 Fighting
 + Level 10.9 Axes
 + Level 8.2 Armour
 + Level 3.6 Dodging
 - Level 1.0 Stealth
 * Level 7.6 Shields


You had 8 spell levels left.
You didn't know any spells.

Dungeon Overview and Level Annotations

Branches:
Dungeon (7/15)             Temple (0/1) D:5

Altars:
Ashenzari
Cheibriados
Hepliaklqana
Makhleb
Qazlal
Ru
Sif Muna
Uskayaw
Wu Jian

Shops:
D:4 (((


Innate Abilities, Weirdness & Mutations

You reflexively headbutt those who attack you in melee.
You have a pair of horns on your head.


Message History

Found a scroll labeled MAMEOXZUPI.
There is an open door here.
You feel very sick.
The soul eater draws from the surrounding life force!
You closely miss the redback. You headbutt the redback!
The redback is moderately wounded.
You feel less exhausted.
You feel very sick. The redback bites you!
* * * LOW HITPOINT WARNING * * *
You block the redback's attack.
* * * LOW HITPOINT WARNING * * *
You feel sick.
* * * LOW HITPOINT WARNING * * *
You feel very sick. The redback bites you!
* * * LOW HITPOINT WARNING * * *
You are more poisoned.
The redback poisons you!
You die...

###. ##.## . .
##.##z#...#c##...?..
##...# .....##.......
.....###c###........ #
#.r.c.(.......... .#
..##.#(#<.O##..... ..#
......†).sr##...## ...#
.......(Se.##...##....#
.##..##.33zs4.s.@.....#
#.. #....Z#.........#
#.........#######....#
#.........# ....#
##>.####### ..## ## .%#
.. ..#


You could see a skeletal warrior, a sun demon, an ice devil, a deep elf mage, 2
redbacks and a killer bee zombie.

Vanquished Creatures
  A centaur warrior (D:7)
  The ghost of DoctorBileduct the Poker, a novice FoFi (D:7)
  Menkaure (D:4)
  Edmund (D:6)
  An orc warrior (D:7)
  3 ice beasts
  2 phantoms
  A black bear (D:6)
  A sky beast (D:6)
  An ogre (D:4)
  A centaur (D:5)
  Blork the orc (D:4)
  A bullfrog (D:6)
  A water moccasin zombie (D:7)
  A wyvern skeleton (D:6)
  A scorpion (D:6)
  4 wights (D:5)
  A crimson imp (D:7)
  4 howler monkeys
  2 bullfrog zombies (D:5)
  4 hounds
  A jelly (D:5)
  An orc priest (D:3)
  3 orc wizards
  A centaur skeleton (D:5)
  2 iguanas (D:6)
  2 worker ants
  A howler monkey zombie (D:5)
  9 adders
  4 gnolls (D:6)
  2 shadow imps
  An ooze (D:2)
  An adder skeleton (D:3)
  2 dart slugs
  3 leopard geckos
  10 orcs
  2 ball pythons
  2 giant cockroaches
  7 goblins
  6 hobgoblins
  4 jackals (D:5)
  5 bats
  4 frilled lizards
  10 kobolds
  8 rats
  A plant (D:1)
126 creatures vanquished.

Notes
Turn   | Place    | Note
-------+----------+-------------------------------------------
     0 | D:1      | Lookapuppie the Minotaur Berserker began the quest for the Orb.
     0 | D:1      | Reached XP level 1. HP: 19/19 MP: 0/0
   136 | D:1      | Reached XP level 2. HP: 27/27 MP: 1/1
   684 | D:2      | Reached skill level 4 in Axes
   897 | D:2      | Reached XP level 3. HP: 33/33 MP: 2/2
  1004 | D:2      | Reached ** piety under Trog
  1042 | D:2      | Found an ornate altar of the Wu Jian Council.
  1101 | D:2      | Found a stormy altar of Qazlal.
  1557 | D:3      | Reached XP level 4. HP: 37/41 MP: 3/3
  1964 | D:3      | Reached skill level 5 in Axes
  1964 | D:3      | Reached XP level 5. HP: 31/47 MP: 4/4
  2459 | D:4      | Found a deep blue altar of Sif Muna.
  2539 | D:4      | Found a sacrificial altar of Ru.
  2550 | D:4      | Reached skill level 5 in Fighting
  2555 | D:4      | Found a hazy altar of Hepliaklqana.
  2635 | D:4      | Noticed an ogre
  2640 | D:4      | Killed an ogre
  2640 | D:4      | Reached XP level 6. HP: 49/56 MP: 5/5
  2646 | D:4      | Found a snail-covered altar of Cheibriados.
  2647 | D:4      | Noticed Blork the orc
  2659 | D:4      | Killed Blork the orc
  2712 | D:4      | Found Rouget's Antique Weapon Shoppe.
  2729 | D:4      | Found a hide-covered altar of Uskayaw.
  2734 | D:4      | Noticed a hand axe
  2735 | D:4      | Noticed a hand axe
  2790 | D:4      | Noticed Menkaure
  2796 | D:4      | Killed Menkaure
  2796 | D:4      | Reached skill level 6 in Axes
  2796 | D:4      | Reached skill level 1 in Stealth
  3006 | D:4      | Found Vuanun's Weapon Shoppe.
  3098 | D:4      | Found Qolew's Antique Weapon Emporium.
  3101 | D:4      | Bought a war axe for 119 gold pieces
  3238 | D:5      | Entered Level 5 of the Dungeon
  3359 | D:5      | Reached XP level 7. HP: 44/61 MP: 6/6
  3413 | D:5      | Reached *** piety under Trog
  3413 | D:5      | Reached skill level 1 in Shields
  3592 | D:5      | Reached skill level 7 in Axes
  3592 | D:5      | Reached skill level 5 in Armour
  3625 | D:5      | Found a staircase to the Ecumenical Temple.
  3652 | D:5      | Reached skill level 8 in Axes
  3652 | D:5      | Reached XP level 8. HP: 60/70 MP: 7/7
  4189 | D:6      | Noticed Edmund
  4197 | D:6      | Killed Edmund
  4197 | D:6      | Reached skill level 9 in Axes
  4234 | D:6      | Reached skill level 5 in Shields
  4327 | D:6      | Found a shattered altar of Ashenzari.
  4328 | D:6      | Found a burning altar of Makhleb.
  4355 | D:6      | Reached XP level 9. HP: 60/78 MP: 8/8
  4493 | D:6      | Reached **** piety under Trog
  4574 | D:7      | Noticed DoctorBileduct's ghost (novice FoFi)
  4581 | D:7      | Noticed a centaur warrior
  4594 | D:7      | Killed DoctorBileduct's ghost
  4594 | D:7      | Reached skill level 10 in Axes
  4597 | D:7      | Killed a centaur warrior
  4611 | D:7      | Noticed an ice devil
  4611 | D:7      | Noticed a deep elf mage
  4612 | D:7      | Noticed a sun demon
  4612 | D:7      | Noticed a skeletal warrior
  4618 | D:7      | Noticed a soul eater
  4619 | D:7      | Noticed a centaur warrior
  4623 | D:7      | HP: 1/79 [redback[a deep elf mage] (12)]
  4624 | D:7      | Succumbed to a redback's poison

Vault maps used:
D:1:      lightli_arrival_flooded_house, hex_large
D:2:      lemuel_doored_altar, overflow_temple_1_default, minmay_misc_feat_iff
D:3:      first_bread
D:4:      dancing_weapons_uskayaw, led_sif_pool, kennysheep_little_box,
          old_standard_altar, lemuel_round_altar, serial_shops,
          nicolae_shop_statue_plus, nicolae_shop_trees,
          nicolae_shop_window_shopping, uniq_blork_the_orc, uniq_menkaure
D:5:      minmay_temple_entry_glass
D:6:      nicolae_overflow_hidden_temple, uniq_edmund
D:7:      nicolae_gozag_seed_capital, minmay_the_grid_octo_2x2

Skill      XL: |  1  2  3  4  5  6  7  8  9 |
---------------+----------------------------+-----
Fighting       | 4 5 6 7 |  7.5
Axes           | 4 5 6 8 9 10 | 10.9
Armour         | 3 4 5 7 8 |  8.2
Dodging        | 3 |  3.6
Stealth        | 1 |  1.0
Shields        | 3 5 7 |  7.6

Action                   |  1- 3 |  4- 6 |  7- 9 || total
-------------------------+-------+-------+-------++-------
Melee: Hand axe          |   107 |    64 |       ||   171
       Headbutt          |    22 |    18 |    33 ||    73
       War axe           |       |    17 |   198 ||   215
Invok: Berserk           |       |       |     1 ||     1
       Trog's Hand       |       |       |     1 ||     1
  Eat: Chunk             |     2 |     4 |     4 ||    10
       Fruit             |       |     2 |       ||     2
Armor: Animal skin       |     2 |       |       ||     2
       Ring mail         |    22 |       |       ||    22
       Scale mail        |     7 |    15 |       ||    22
       Plate armour      |       |    19 |   118 ||   137
Dodge: Dodged            |    45 |    33 |    49 ||   127
Block: Shield            |       |       |    92 ||    92
